Map: Fields of Death

Players

IStalker - Winner!

  • Race: Zerg Zerg
  • League: Silver

FrosteedCry - Winner!

  • Race: Protoss Protoss
  • League: Bronze

Morfo

  • Race: Terran Terran
  • League: Bronze

Kbzon

  • Race: Zerg Zerg
  • League: Silver

VOD

Have the link to the VOD?

Description

Time

  • Played on: Jan. 3, 2016, 10:55 a.m.
  • Length: 14:34
Show
View Real Time Build Order
Export as new Build Order

IStalker Zerg - Winner!

Build Orders: Hatch First, Lurkers 

Get SALT Encoding   

  12  0:01  Drone  
  13  0:13  Overlord  
  13  0:19  Drone  
  14  0:32  Drone x2  
  16  0:36  Drone  
  17  0:56  Hatchery  
  16  1:01  Drone  
  17  1:12  Spawning Pool  
  16  1:20  Drone x2  
  16  1:22  Drone  
  19  1:32  Overlord  
  19  1:42  Drone  
  20  1:53  Drone  
  21  2:05  Drone  
  22  2:09  Queen x2  
  22  2:11  Drone  
  27  2:20  Drone x2  
  29  2:42  Drone x4  
  33  2:45  Queen  
  33  2:48  Overlord  
  35  2:53  Overlord  
  35  3:00  Drone  
  35  3:03  Overlord  
  36  3:06  Queen  
  36  3:11  Drone  
  39  3:22  Drone x2  
  39  3:23  Drone x5  
  46  3:37  Hatchery  
  45  3:50  Extractor  
  45  3:52  Extractor  
  43  4:12  Drone x3  
  43  4:13  Drone  
  47  4:25  Overlord x3  
  47  4:36  Queen  
  49  4:39  Lair  
  49  4:47  Evolution Chamber  
  49  4:49  Evolution Chamber  
  49  4:50  Roach Warren, Drone x2  
  49  4:51  Drone x3  
  51  5:01  Drone x9  
  61  5:14  Drone x3  
  61  5:15  Zerg Missile Weapons Level 1  
  61  5:20  Zerg Ground Armor Level 1  
  63  5:25  Extractor  
  63  5:26  Extractor  
  62  5:35  Drone  
  62  5:36  Drone x3  
  62  5:39  Roach x4  
  73  5:43  Roach  
  73  5:47  Roach  
  77  5:58  Roach x2  
  81  6:08  Drone  
  82  6:11  Overlord  
  82  6:12  Overlord x3  
  82  6:13  Overlord  
  82  6:26  Overlord  
  82  6:27  Overlord x4  
  82  6:47  Roach  
  82  6:48  Roach x6  
  82  6:49  Roach x4  
  104  6:57  Spire  
  103  7:01  Hydralisk Den  
  103  7:02  Drone x5  
  103  7:03  Drone x2  
  103  7:06  Drone x3  
  103  7:07  Drone  
  113  7:11  Extractor  
  113  7:12  Extractor  
  111  7:17  Overlord x3  
  111  7:20  Zerg Missile Weapons Level 2  
  111  7:33  Drone x4  
  115  7:46  Drone x2  
  115  7:48  Roach x2  
  115  7:49  Roach x4  
  129  7:58  Infestation Pit  
  128  8:15  Pneumatized Carapace  
  128  8:16  Hatchery  
  128  8:17  Roach x6  
  128  8:18  Roach  
  128  8:19  Hydralisk x3  
  141  8:20  Hydralisk x4  
  151  8:50  Queen x2  
  151  8:54  Hydralisk x7  
  169  9:19  Overlord x4  
  169  9:20  Overlord x4  
  169  9:21  Overlord  
  143  10:00  Hydralisk x10  
  143  10:01  Hydralisk x7  
  177  10:10  Lurker Den  
  177  10:13  Hive  
  177  10:26  Zerg Ground Armor Level 2  
  177  10:34  Glial Reconstitution  
  177  10:51  Drone x5  
  177  10:52  Drone x4  
  186  11:25  Extractor  
  185  11:27  Extractor  
  184  11:37  Lurker x13  
  197  11:53  Greater Spire  
  125  12:27  Roach x5  
  125  12:28  Roach x9  
  125  12:29  Roach x7  
  151  12:42  Queen x2  
  151  12:43  Queen  
  157  12:52  Roach  
  157  12:53  Roach x7  
  157  12:54  Roach x2  
  177  13:07  Roach x4  
  177  13:11  Corruptor x3  
  183  13:48  Roach  
  183  13:49  Roach x9  
  183  13:51  Roach  
  197  13:58  Corruptor  
Show
View Real Time Build Order
Export as new Build Order

FrosteedCry Protoss - Winner!

Build Orders:  

Get SALT Encoding   

  12  0:03  Probe (Chrono Boost)  
  13  0:17  Pylon  
  13  0:20  Probe (Chrono Boost)  
  14  0:38  Gateway  
  14  0:48  Probe (Chrono Boost)  
  15  0:53  Assimilator  
  15  0:58  Probe (Chrono Boost)  
  16  1:09  Probe (Chrono Boost)  
  17  1:17  Pylon  
  17  1:20  Pylon  
  17  1:30  Assimilator  
  17  1:37  Zealot  
  19  1:52  Gateway  
  19  1:55  Gateway  
  19  2:01  Cybernetics Core  
  19  2:04  Probe (Chrono Boost)  
  20  2:14  Probe (Chrono Boost)  
  21  2:26  Probe (Chrono Boost)  
  22  2:36  Probe (Chrono Boost)  
  23  2:44  Warp Gate  
  23  3:00  Stalker (Chrono Boost)  
  23  3:02  Stalker (Chrono Boost)  
  23  3:04  Stalker (Chrono Boost)  
  29  3:07  Probe (Chrono Boost)  
  32  3:21  Mothership Core (Chrono Boost)  
  32  4:08  Probe (Chrono Boost)  
  35  4:20  Stalker x2 (Chrono Boost)  
  39  4:25  Stalker (Chrono Boost)  
  39  4:27  Nexus  
  39  5:11  Pylon  
  39  5:15  Pylon  
  39  5:19  Pylon  
  39  5:26  Pylon  
  39  5:29  Assimilator  
  39  5:33  Assimilator  
  39  5:43  Gateway  
  39  5:45  Gateway  
  39  5:46  Gateway  
  39  5:56  Probe (Chrono Boost)  
  40  6:06  Probe (Chrono Boost)  
  40  6:09  Probe (Chrono Boost)  
  42  6:16  Probe (Chrono Boost)  
  43  6:21  Probe (Chrono Boost)  
  43  6:22  Stalker  
  43  6:23  Stalker x2  
  50  6:27  Probe (Chrono Boost)  
  52  6:33  Probe (Chrono Boost)  
  52  6:37  Probe (Chrono Boost)  
  53  6:45  Probe (Chrono Boost)  
  54  6:48  Probe (Chrono Boost)  
  55  6:54  Robotics Facility  
  55  6:57  Robotics Facility  
  55  6:58  Robotics Facility  
  55  7:00  Probe (Chrono Boost)  
  56  7:02  Probe (Chrono Boost)  
  57  7:10  Zealot  
  57  7:11  Probe (Chrono Boost), Zealot  
  57  7:13  Probe (Chrono Boost)  
  63  7:15  Sentry  
  63  7:16  Sentry  
  63  7:17  Sentry  
  63  7:20  Sentry  
  63  7:21  Probe (Chrono Boost)  
  72  7:23  Probe (Chrono Boost)  
  73  8:01  Immortal x2  
  73  8:02  Immortal  
  85  9:09  Pylon  
  85  9:12  Pylon  
  85  9:17  Pylon  
  85  9:22  Pylon  
  85  9:25  Pylon  
  85  9:28  Immortal x2  
  85  9:31  Immortal, Pylon  
  97  9:33  Zealot x2  
  97  9:35  Zealot  
  97  9:36  Zealot x3  
  107  10:23  Immortal  
  107  10:24  Immortal x2  
  107  10:27  Stalker  
  107  10:28  Stalker x2  
  123  10:29  Stalker x3  
  131  10:42  Pylon  
  131  10:45  Pylon  
  131  10:48  Pylon  
  131  10:49  Pylon  
  131  10:52  Pylon  
  131  10:53  Pylon  
  131  11:03  Immortal x3  
  143  11:16  Nexus  
  143  11:24  Sentry x3  
  143  11:25  Sentry x3  
  155  12:03  Adept x2  
  155  12:04  Adept x2  
  155  12:05  Adept x2  
  135  13:02  Stalker x3  
  135  13:03  Stalker x3  
  147  13:39  Stalker x2  
  147  13:40  Stalker x3  
  147  13:41  Stalker  
Show
View Real Time Build Order
Export as new Build Order

Morfo Terran 

Build Orders:  

Get SALT Encoding   

  12  0:01  SCV  
  13  0:13  SCV  
  14  0:25  SCV  
  14  0:28  Supply Depot  
  15  0:34  Refinery  
  15  0:49  SCV  
  16  0:50  Barracks  
  16  0:58  Supply Depot  
  17  1:04  SCV  
  17  1:14  Engineering Bay  
  17  1:17  SCV  
  18  1:32  SCV  
  19  1:39  Refinery  
  19  1:47  Barracks Reactor  
  19  1:53  Bunker  
  19  2:03  Factory  
  19  2:04  SCV  
  20  2:08  Missile Turret  
  20  2:16  SCV  
  21  2:26  Engineering Bay  
  21  2:28  Marine  
  22  2:30  Marine  
  23  2:47  Starport  
  23  2:48  Factory Tech Lab  
  23  2:56  Orbital Command  
  23  3:03  Terran Infantry Weapons Level 1  
  23  3:16  Marine x2  
  25  3:34  Marine x2  
  25  3:35  Starport Tech Lab  
  27  3:50  Supply Depot  
  27  4:03  Command Center  
  27  4:05  SCV  
  28  4:17  SCV  
  28  4:18  Terran Infantry Armor Level 1  
  29  4:25  Medivac  
  29  4:31  SCV  
  32  4:40  Siege Tank  
  32  4:45  Marine x2  
  37  4:55  Barracks  
  37  5:06  Armory  
  37  5:15  Orbital Command  
  37  5:29  Siege Tank  
  37  5:33  SCV  
  37  5:35  Liberator  
  41  5:37  Refinery  
  41  5:38  Refinery  
  41  5:41  SCV  
  42  5:48  Barracks Tech Lab  
  45  6:01  Siege Tank  
  48  6:06  SCV  
  48  6:08  SCV  
  50  6:20  SCV  
  51  6:33  Siege Tank  
  51  6:35  Stimpack  
  54  6:43  Supply Depot  
  54  6:47  Supply Depot  
  54  6:48  Supply Depot  
  54  6:51  Supply Depot  
  54  6:53  Supply Depot  
  54  6:54  Supply Depot  
  54  6:59  Terran Infantry Armor Level 2  
  54  7:05  Medivac  
  56  7:12  SCV  
  57  7:20  SCV  
  58  7:24  Siege Tank  
  61  7:30  Terran Infantry Weapons Level 2  
  61  7:34  Marine x3  
  64  7:49  SCV  
  65  7:57  Marine x3  
  68  8:02  SCV, Thor  
  75  8:08  Medivac  
  77  8:14  SCV, Marine  
  77  8:17  Marine x2  
  81  8:26  SCV, Barracks x2  
  82  8:28  Barracks  
  82  8:32  Marine  
  83  8:38  SCV, Medivac  
  83  8:40  Marine  
  87  8:49  Barracks  
  87  8:50  SCV  
  87  8:52  Starport  
  87  8:54  Starport  
  88  9:17  Marine x2  
  88  9:18  Marine  
  88  9:22  Barracks Reactor x3  
  88  10:02  Marine  
  88  10:03  Marine x2  
  88  10:04  Barracks Reactor  
  91  10:15  Marine  
  91  10:16  Marine x5  
  91  10:20  Marine x2  
  99  10:23  Supply Depot  
  99  10:25  Supply Depot  
  99  10:28  Supply Depot  
  99  10:29  Supply Depot x3  
  99  10:30  Supply Depot  
  99  10:33  Supply Depot  
  99  10:45  Marine x3  
  102  11:01  Command Center  
  102  11:12  Command Center  
  102  11:25  Combat Shields  
  102  11:27  Terran Infantry Weapons Level 3  
  102  11:28  Terran Infantry Armor Level 3  
  102  11:29  Terran Vehicle Weapons Level 1  
  102  11:34  Starport Tech Lab x2  
  102  11:53  Marine x6  
  102  11:54  Marine  
  109  12:19  Marine x3  
  109  12:20  Marine x3  
  65  12:34  Marine x5  
  70  12:37  Marine  
  68  12:52  Marine x5  
  68  12:53  Marine x3  
  76  13:10  Marine x2  
  76  13:11  Marine x4  
  76  13:12  Marine x2  
  84  13:13  Marine  
  85  13:27  Marine x2  
  85  13:28  Marine x3  
  90  13:43  Marine x4  
  90  13:44  Marine x2  
  90  13:45  Marine x2  
  90  13:46  Marine  
  63  14:01  Marine x3  
  63  14:02  Marine x4  
  66  14:03  Marine  
Show
View Real Time Build Order
Export as new Build Order

Kbzon Zerg 

Build Orders: Hatch First 

Get SALT Encoding   

  12  0:11  Drone  
  13  0:16  Drone  
  13  0:20  Overlord  
  14  0:38  Drone x2  
  14  0:42  Extractor  
  15  0:44  Drone  
  16  1:00  Hatchery, Drone  
  16  1:05  Drone  
  17  1:16  Drone  
  18  1:26  Spawning Pool  
  18  1:28  Drone  
  19  1:40  Drone  
  19  1:52  Drone  
  20  1:56  Extractor  
  20  1:58  Drone  
  20  2:10  Drone  
  20  2:13  Queen  
  20  2:15  Queen  
  25  2:16  Drone  
  26  2:25  Spine Crawler  
  26  2:27  Drone x2  
  27  2:32  Drone  
  29  2:49  Overlord  
  28  2:52  Extractor  
  28  2:54  Drone  
  28  2:58  Metabolic Boost  
  28  2:59  Overlord  
  28  3:00  Overlord x2  
  28  3:07  Lair  
  28  3:10  Drone x2  
  30  3:14  Drone  
  30  3:18  Drone  
  32  3:26  Roach Warren  
  31  3:30  Drone x2  
  33  3:40  Pneumatized Carapace  
  33  3:43  Drone x3  
  33  3:47  Drone  
  38  3:48  Drone  
  38  3:57  Baneling Nest  
  37  4:04  Evolution Chamber, Drone x3  
  39  4:10  Glial Reconstitution, Extractor  
  38  4:24  Drone x2  
  40  4:32  Drone x2  
  40  4:33  Evolution Chamber  
  40  4:34  Queen  
  40  4:36  Drone  
  40  4:37  Drone x2  
  46  4:53  Queen  
  48  5:07  Hydralisk Den  
  48  5:09  Roach x4  
  48  5:10  Roach x2  
  48  5:11  Zergling x2  
  48  5:13  Overlord  
  48  5:14  Overlord  
  60  5:37  Muscular Augments  
  60  5:53  Zergling x2  
  60  5:54  Zergling x18  
  60  5:55  Zergling x6  
  73  6:03  Roach  
  75  6:13  Hatchery  
  75  6:14  Hydralisk  
  76  6:43  Overlord x2  
  76  7:02  Hydralisk x2  
  76  7:04  Centrifical Hooks  
  76  7:07  Hydralisk x3  
  76  7:08  Hydralisk  
  88  7:21  Hydralisk x2  
  92  7:32  Drone x5  
  97  7:43  Baneling x2  
  97  7:44  Baneling x7  
  97  7:45  Baneling x4  
  97  7:47  Overlord x5  
  97  8:05  Hydralisk x4, Queen  
  107  8:13  Hydralisk x3  
  107  8:17  Drone  
  107  8:18  Drone  
  115  8:21  Extractor  
  115  8:24  Extractor  
  106  8:51  Hydralisk  
  106  8:52  Hydralisk x7  
  106  8:53  Hydralisk  
  123  8:57  Zerg Missile Weapons Level 1  
  123  9:09  Zergling x2  
  125  9:10  Zergling x8  
  128  9:17  Hydralisk x2  
  128  9:22  Zergling x2  
  133  9:34  Zergling x6  
  115  10:01  Hydralisk x3  
  115  10:02  Hydralisk x6  
  127  10:16  Hydralisk x4  
  135  10:23  Drone  
  135  10:24  Infestation Pit  
  135  10:32  Hydralisk  
  135  10:34  Overlord x3  
  137  10:44  Zerg Ground Armor Level 1  
  136  11:26  Infestor x2  
  136  11:27  Infestor x6  
  136  11:28  Infestor  
  154  11:36  Zerg Missile Weapons Level 2  
  154  11:41  Pathogen Glands  
  154  11:43  Drone x2  
  154  11:45  Drone x4  
  160  11:55  Hive  
  91  12:42  Roach x6  
  91  12:43  Roach x6  
  115  12:49  Lurker Den  
  115  13:10  Ultralisk Cavern  
  114  13:13  Roach  
  114  13:14  Roach x5  
  53  13:52  Hydralisk x6  
Tags
 
Add a new tag
Caveats
  • Supply blocks, unpowered buildings, or Contaminate may cause inaccurate times.
  • Supply counts are checked every 10 seconds.